MLB
ST. LOUIS CARDINALS @ MILWAUKEE BREWERS
07/05/2099
 
TOP OF THE 1ST
St. Louis Cardinals batting - Pitching for Milwaukee Brewers : RHP Assunção Frutuoso
Pitching: RHP Assunção Frutuoso
Batting: LHB Jimmy Goldberg 0-0: Ball
1-0: Swinging Strike
1-1: Called Strike
1-2: Strikes out looking
Batting: RHB Aaron Rego 0-0: Called Strike
0-1: Fly out, F8 (Flyball, 8LS, EV 84.4 MPH)
Batting: RHB Ryan Collier 0-0: Ball
1-0: Ball
2-0: Ball
3-0: Base on Balls
Batting: SHB Bryan Smolka 0-0: Ball
1-0: Ball
2-0: Foul Ball, location: 23FF
2-1: Ball
3-1: Foul Ball, location: 7LDF
3-2: Foul Ball, location: 3F
3-2: Base on Balls
Ryan Collier to second
Batting: LHB Jeremiah Ford 0-0: Ball
1-0: Ball
2-0: Foul Ball, location: 5F
2-1: Ball
3-1: SINGLE (Line Drive, 6MD, EV 108.1 MPH)
Ryan Collier to third
Bryan Smolka to second
Runner from 3rd tries for Home, SAFE, throw by CF to home
Batting: LHB Jose Nieto 0-0: DOUBLE (Line Drive, 7LM, EV 105.6 MPH)
Bryan Smolka scores
Jeremiah Ford to third
Batting: LHB Ramon Lara 0-0: SINGLE (Line Drive, 6M, EV 99.4 MPH)
Jeremiah Ford scores
Jose Nieto to third
Runner from 3rd tries for Home, SAFE, throw by CF to home
Ramon Lara to second
Batting: RHB Brodie Herian 0-0: Called Strike
0-1: Ball
1-1: Ball
2-1: Ball
3-1: Fly out, F9 (Flyball, 9S, EV 79.4 MPH)
Top of the 1st over - 4 runs, 3 hits, 0 errors, 1 left on base; St. Louis 4 - Milwaukee 0
BOTTOM OF THE 1ST
Milwaukee Brewers batting - Pitching for St. Louis Cardinals : LHP David Avery
Pitching: LHP David Avery
Batting: RHB Johnny Curet 0-0: Fly out, F9 (Flyball, 9D, EV 92.5 MPH)
Batting: RHB Kyle Stewart 0-0: Called Strike
0-1: Called Strike
0-2: Ball
1-2: Ball
2-2: Ball
3-2: Strikes out swinging
Batting: RHB Tony Ledezma 0-0: Ball
1-0: Called Strike
1-1: Foul Ball, location: 7LDF
1-2: Strikes out looking
Bottom of the 1st over - 0 runs, 0 hits, 0 errors, 0 left on base; St. Louis 4 - Milwaukee 0
TOP OF THE 2ND
St. Louis Cardinals batting - Pitching for Milwaukee Brewers : RHP Assunção Frutuoso
Batting: RHB Jason Rush 0-0: Called Strike
0-1: Ball
1-1: Called Strike
1-2: Foul Ball, location: 25F
1-2: Ground out 6-3 (Groundball, 6, EV 86.3 MPH)
Batting: LHB Jimmy Goldberg 0-0: Ball
1-0: Ball
2-0: Called Strike
2-1: Called Strike
2-2: Fly out, F7 (Flyball, 7, EV 93.8 MPH)
Batting: RHB Aaron Rego 0-0: Called Strike
0-1: Ball
1-1: Ball
2-1: SINGLE (Line Drive, 56D, EV 64.4 MPH)
Batting: RHB Ryan Collier 0-0: Ball
1-0: Ground out 6-3 (Groundball, 6MS, EV 80.0 MPH)
Top of the 2nd over - 0 runs, 1 hit, 0 errors, 1 left on base; St. Louis 4 - Milwaukee 0
BOTTOM OF THE 2ND
Milwaukee Brewers batting - Pitching for St. Louis Cardinals : LHP David Avery
Batting: RHB Byron Weaver 0-0: Swinging Strike
0-1: Ball
1-1: Foul Ball, location: 2F
1-2: Ground out 4-3 (Groundball, 4, EV 88.1 MPH)
Batting: RHB Tyler Naberhaus 0-0: SINGLE (Flyball, 7LS, EV 95.0 MPH) - OUT at second base trying to stretch hit.
Batting: SHB Victor Pacheco 0-0: Swinging Strike
0-1: Foul Ball, location: 9LMF
0-2: Ball
1-2: Ball
2-2: Foul Ball, location: 7LDF
2-2: Fly out, F8 (Line Drive, 8RD, EV 101.9 MPH)
Bottom of the 2nd over - 0 runs, 1 hit, 0 errors, 0 left on base; St. Louis 4 - Milwaukee 0
TOP OF THE 3RD
St. Louis Cardinals batting - Pitching for Milwaukee Brewers : RHP Assunção Frutuoso
Batting: SHB Bryan Smolka 0-0: Ball
1-0: Ball
2-0: Foul Ball, location: 2F
2-1: Foul Ball, location: 9LMF
2-2: Strikes out swinging
Batting: LHB Jeremiah Ford 0-0: Called Strike
0-1: Foul Ball, location: 2F
0-2: Ball
1-2: Foul Ball, location: 2F
1-2: Ground out U3 (Groundball, 3, EV 75.6 MPH)
Batting: LHB Jose Nieto 0-0: Ball
1-0: Ball
2-0: Fly out, F9 (Flyball, 89M, EV 88.1 MPH)
Top of the 3rd over - 0 runs, 0 hits, 0 errors, 0 left on base; St. Louis 4 - Milwaukee 0
BOTTOM OF THE 3RD
Milwaukee Brewers batting - Pitching for St. Louis Cardinals : LHP David Avery
Batting: LHB Chris Marcheski 0-0: Swinging Strike
0-1: Ball
1-1: Ball
2-1: Called Strike
2-2: SINGLE (Line Drive, 9S, EV 109.4 MPH)
Batting: RHB Carlos Cabal 0-0: Ball
1-0: Ball
2-0: Foul Ball, location: 9LDF
2-1: Ball
3-1: Base on Balls
Chris Marcheski to second
Batting: LHB Takashi Nakata 0-0: Called Strike
0-1: Foul Ball, location: 2F
0-2: Ball
1-2: Foul Ball, location: 5SF
1-2: Fly out, F8 (Flyball, 8RD, EV 100.6 MPH)
Batting: RHB Johnny Curet 0-0: SINGLE (Groundball, 34D, EV 107.5 MPH)
Chris Marcheski to third
Carlos Cabal to second
Batting: RHB Kyle Stewart 0-0: Called Strike
0-1: Ball
1-1: Ball
2-1: Ball
3-1: Fielders Choice at 2nd, 6-4 (Groundball, 6, EV 85.0 MPH)
Chris Marcheski scores
Carlos Cabal to third
Batting: RHB Tony Ledezma 0-0: Ball
1-0: Swinging Strike
1-1: DOUBLE (Flyball, 8LXD, EV 111.9 MPH)
Carlos Cabal scores
Kyle Stewart to third
Batting: RHB Byron Weaver 0-0: Called Strike
0-1: Called Strike
0-2: Ball
1-2: Ground out 4-3 (Groundball, P, EV 81.3 MPH)
Bottom of the 3rd over - 2 runs, 3 hits, 0 errors, 2 left on base; St. Louis 4 - Milwaukee 2
TOP OF THE 4TH
St. Louis Cardinals batting - Pitching for Milwaukee Brewers : RHP Assunção Frutuoso
Batting: LHB Ramon Lara 0-0: Foul Ball, location: 7LDF
0-1: Ball
1-1: Called Strike
1-2: SOLO HOME RUN (Flyball, 89XD, EV 101.9 MPH), Distance : 395 ft
Batting: RHB Brodie Herian 0-0: Called Strike
0-1: Fly out, F8 (Flyball, 8LM, EV 93.1 MPH)
Batting: RHB Jason Rush 0-0: Ball
1-0: Ball
2-0: Ball
3-0: Called Strike
3-1: Called Strike
3-2: Strikes out swinging
Batting: LHB Jimmy Goldberg 0-0: Ball
1-0: Ball
2-0: Fly out, F7 (Flyball, 7, EV 91.3 MPH)
Top of the 4th over - 1 run, 1 hit, 0 errors, 0 left on base; St. Louis 5 - Milwaukee 2
BOTTOM OF THE 4TH
Milwaukee Brewers batting - Pitching for St. Louis Cardinals : LHP David Avery
Batting: RHB Tyler Naberhaus 0-0: Ball
1-0: Swinging Strike
1-1: Called Strike
1-2: Ball
2-2: SOLO HOME RUN (Flyball, 8LXD, EV 104.4 MPH), Distance : 408 ft
Batting: SHB Victor Pacheco 0-0: Ball
1-0: Fly out, F7 (Flyball, 78D, EV 85.6 MPH)
Batting: LHB Chris Marcheski 0-0: Ball
1-0: Called Strike
1-1: Foul Ball, location: 2F
1-2: SINGLE (Line Drive, 6MD, EV 97.5 MPH)
Batting: RHB Carlos Cabal 0-0: Ball
1-0: Called Strike
1-1: Ball
2-1: Ball
3-1: Foul Ball, location: 2F
3-2: Foul Ball, location: 7LMF
3-2: Foul Ball, location: 25F
3-2: Ground out 4-3 (Groundball, 34D, EV 97.5 MPH)
Chris Marcheski to second
Batting: LHB Takashi Nakata 0-0: Foul Ball, location: 7LDF
0-1: Foul Ball, location: 7LSF
0-2: Ball
1-2: Ball
2-2: Ball
3-2: Ground out U3 (Groundball, 34, EV 86.9 MPH)
Bottom of the 4th over - 1 run, 2 hits, 0 errors, 1 left on base; St. Louis 5 - Milwaukee 3
TOP OF THE 5TH
St. Louis Cardinals batting - Pitching for Milwaukee Brewers : RHP Assunção Frutuoso
Batting: RHB Aaron Rego 0-0: Ball
1-0: Ground out 6-3 (Groundball, 6, EV 105.0 MPH)
Batting: RHB Ryan Collier 0-0: Ball
1-0: Ground out 4-3 (Groundball, 4, EV 103.8 MPH)
Batting: SHB Bryan Smolka 0-0: Ball
1-0: Foul Ball, location: 3F
1-1: Foul Ball, location: 23FF
1-2: Foul Ball, location: 2F
1-2: Ball
2-2: Strikes out looking
Top of the 5th over - 0 runs, 0 hits, 0 errors, 0 left on base; St. Louis 5 - Milwaukee 3
BOTTOM OF THE 5TH
Milwaukee Brewers batting - Pitching for St. Louis Cardinals : LHP David Avery
Batting: RHB Johnny Curet 0-0: Called Strike
0-1: Called Strike
0-2: Foul Ball, location: 9LMF
0-2: Ball
1-2: Ball
2-2: Foul Ball, location: 5F
2-2: Fly out, F8 (Flyball, 8RM, EV 85.6 MPH)
Batting: RHB Kyle Stewart 0-0: Called Strike
0-1: Foul Ball, location: 5F
0-2: Ball
1-2: Ball
2-2: Strikes out swinging
Batting: RHB Tony Ledezma 0-0: Called Strike
0-1: SINGLE (Line Drive, 9S, EV 89.4 MPH)
Batting: RHB Byron Weaver 0-0: Ball
1-0: Ball
2-0: Foul Ball, location: 5F
2-1: Foul Ball, location: 23FF
2-2: Strikes out looking
Bottom of the 5th over - 0 runs, 1 hit, 0 errors, 1 left on base; St. Louis 5 - Milwaukee 3
TOP OF THE 6TH
St. Louis Cardinals batting - Pitching for Milwaukee Brewers : RHP Assunção Frutuoso
Batting: LHB Jeremiah Ford 0-0: Fly out, F9 (Flyball, 9D, EV 106.3 MPH)
Batting: LHB Jose Nieto 0-0: Called Strike
0-1: Foul Ball, location: 7LSF
0-2: Ball
1-2: Foul Ball, location: 5SF
1-2: Fly out, F8 (Flyball, 8LD, EV 85.0 MPH)
Batting: LHB Ramon Lara 0-0: Ball
1-0: Called Strike
1-1: Ball
2-1: Ball
3-1: Called Strike
3-2: Foul Ball, location: 3F
3-2: Foul Ball, location: 2F
3-2: SINGLE (Line Drive, 7S, EV 97.5 MPH)
Batting: RHB Brodie Herian 0-0: SINGLE (Groundball, 34S, EV 90.6 MPH) (infield hit)
Ramon Lara to second
Batting: RHB Jason Rush 0-0: Ball
1-0: Fly out, F8 (Line Drive, 8RM, EV 86.9 MPH)
Top of the 6th over - 0 runs, 2 hits, 0 errors, 2 left on base; St. Louis 5 - Milwaukee 3
BOTTOM OF THE 6TH
Milwaukee Brewers batting - Pitching for St. Louis Cardinals : LHP David Avery
Batting: RHB Tyler Naberhaus 0-0: Ground out 5-3 (Groundball, 56, EV 105.0 MPH)
Batting: SHB Victor Pacheco 0-0: Ground out 1-3 (Groundball, 15S, EV 68.8 MPH)
Batting: LHB Chris Marcheski 0-0: SINGLE (Groundball, 34D, EV 106.9 MPH)
Batting: RHB Carlos Cabal 0-0: Foul Ball, location: 5FF
0-1: Swinging Strike
0-2: Fielders Choice at 2nd, 6-4 (Groundball, 6, EV 100.0 MPH)
Bottom of the 6th over - 0 runs, 1 hit, 0 errors, 1 left on base; St. Louis 5 - Milwaukee 3
TOP OF THE 7TH
St. Louis Cardinals batting - Pitching for Milwaukee Brewers : RHP Assunção Frutuoso
Pitching: LHP Mario Cisneros
Pinch Hitting: RHB Izzy Mina 0-0: Called Strike
0-1: Ground out 6-3 (Groundball, 6, EV 91.3 MPH)
Batting: RHB Aaron Rego 0-0: Ball
1-0: SINGLE (Groundball, 6MD, EV 101.9 MPH)
Batting: RHB Ryan Collier 0-0: Called Strike
0-1: Ball
Wild Pitch!
Aaron Rego to second
1-1: Intentional Walk
Batting: SHB Bryan Smolka 0-0: Ball
1-0: Called Strike
1-1: Ball
2-1: Swinging Strike
2-2: Foul Ball, location: 2F
2-2: Foul Ball, location: 2F
2-2: Strikes out swinging
Batting: LHB Jeremiah Ford 0-0: Called Strike
0-1: Ground out U3 (Groundball, 34, EV 83.8 MPH)
Top of the 7th over - 0 runs, 1 hit, 0 errors, 2 left on base; St. Louis 5 - Milwaukee 3
BOTTOM OF THE 7TH
Milwaukee Brewers batting - Pitching for St. Louis Cardinals : LHP David Avery
Now in CF: Dave Mora
Batting: LHB Takashi Nakata 0-0: Swinging Strike
0-1: Ball
1-1: Ground out 5-3 (Groundball, 5, EV 89.4 MPH)
Batting: RHB Johnny Curet 0-0: Ball
1-0: Foul Ball, location: 23FF
1-1: Ball
2-1: Ball
3-1: Foul Ball, location: 5FF
3-2: Base on Balls
Pitching: RHP Josh Conlan
Batting: RHB Kyle Stewart 0-0: Fly out, F8 (Flyball, 8LS, EV 94.4 MPH)
Batting: RHB Tony Ledezma 0-0: Called Strike
0-1: Foul Ball, location: 3F
0-2: Strikes out swinging
Bottom of the 7th over - 0 runs, 0 hits, 0 errors, 1 left on base; St. Louis 5 - Milwaukee 3
TOP OF THE 8TH
St. Louis Cardinals batting - Pitching for Milwaukee Brewers : LHP Mario Cisneros
Batting: RHB Eric Nichols 0-0: Swinging Strike
0-1: Called Strike
0-2: Ball
1-2: Ball
2-2: Fly out, F7 (Flyball, 78D, EV 101.3 MPH)
Batting: LHB Ramon Lara 0-0: Fly out, F8 (Flyball, 8LD, EV 81.3 MPH)
Batting: RHB Brodie Herian 0-0: Ground out 6-3 (Groundball, 6M, EV 87.5 MPH)
Top of the 8th over - 0 runs, 0 hits, 0 errors, 0 left on base; St. Louis 5 - Milwaukee 3
BOTTOM OF THE 8TH
Milwaukee Brewers batting - Pitching for St. Louis Cardinals : RHP Josh Conlan
Batting: RHB Byron Weaver 0-0: Swinging Strike
0-1: Ball
1-1: Fly out, F7 (Flyball, 7, EV 73.8 MPH)
Pinch Hitting: LHB Alex Cruz 0-0: Ball
1-0: Ground out 4-3 (Groundball, 4, EV 101.9 MPH)
Batting: SHB Victor Pacheco 0-0: Foul Ball, location: 2F
0-1: Ball
1-1: Ball
2-1: Called Strike
2-2: Foul Ball, location: 7LDF
2-2: Fly out, F6 (Popup, 6MS, EV 80.6 MPH)
Bottom of the 8th over - 0 runs, 0 hits, 0 errors, 0 left on base; St. Louis 5 - Milwaukee 3
TOP OF THE 9TH
St. Louis Cardinals batting - Pitching for Milwaukee Brewers : LHP Mario Cisneros
Pitching: RHP Josh Watts
Now at SS: Jamie Saxton
Batting: RHB Jason Rush 0-0: Fly out, F9 (Flyball, 9D, EV 87.5 MPH)
Batting: RHB Dave Mora 0-0: Ball
1-0: Ball
2-0: SINGLE (Line Drive, 7LS, EV 97.5 MPH)
Batting: RHB Aaron Rego 0-0: Ball
1-0: Fly out, F7 (Line Drive, 78M, EV 96.9 MPH)
Batting: RHB Ryan Collier 0-0: Ball
1-0: Ball
2-0: Foul Ball, location: 2F
2-1: Ball
3-1: Swinging Strike
3-2: Ground out 4-3 (Groundball, 34, EV 89.4 MPH)
Top of the 9th over - 0 runs, 1 hit, 0 errors, 1 left on base; St. Louis 5 - Milwaukee 3
BOTTOM OF THE 9TH
Milwaukee Brewers batting - Pitching for St. Louis Cardinals : RHP Josh Conlan
Pitching: RHP David Herman
Batting: LHB Chris Marcheski 0-0: Ball
1-0: Foul Ball, location: 2F
1-1: Ball
2-1: Ball
3-1: DOUBLE (Flyball, 8LXD, EV 103.8 MPH)
Pinch Hitting: LHB Ron Lenz 0-0: Ball
1-0: Fly out, F8 (Line Drive, 8RM, EV 93.1 MPH)
Batting: LHB Takashi Nakata 0-0: Called Strike
0-1: Called Strike
0-2: Foul Ball, location: 7LMF
0-2: Fly out, F6 (Popup, 6, EV 74.4 MPH)
Batting: RHB Johnny Curet 0-0: Ball
1-0: Called Strike
1-1: Called Strike
1-2: Strikes out swinging
Bottom of the 9th over - 0 runs, 1 hit, 0 errors, 1 left on base; St. Louis 5 - Milwaukee 3
Saturday, May 11th , 2024 - OOTP Baseball 24.11 Build 85